 Dungeon Crawl Stone Soup version 0.29-a0-103-g37f86683bf (webtiles) character file.

Game seed: 9506608173437331031

6 cyrus the Stinger (level 1, -1/11 HPs)
             Began as an Octopode Venom Mage on Feb 15, 2022.
             Slain by a jackal (2 damage)
             ... on level 1 of the Dungeon.
             The game lasted 00:01:45 (127 turns).

cyrus the Stinger (Octopode Venom Mage)              Turns: 127, Time: 00:01:45

Health: -1/11      AC:  1    Str:  7    XL:     1   Next: 90%
Magic:  2/3        EV: 13    Int: 17    God:
Gold:   0          SH:  0    Dex: 12    Spells: 3/4 levels left

rFire   . . .      SeeInvis .   b - +0 mace
rCold   . . .      Faith    .   (no shield)
rNeg    . . .      Spirit   .   (helmet restricted)
rPois   .          Reflect  .   (no amulet)
rElec   .          Harm     .   (no ring)
rCorr   .          Rampage  .   (no ring)
Will    .....                   (no ring)
Stlth   +++.......              (no ring)
HPRegen 0.03/turn               (no ring)
MPRegen 0.08/turn               (no ring)
                                (no ring)
                                (no ring)

@: no status effects
A: almost no armour, amphibious, 8 rings, camouflage 1, gelatinous body 1,
(nimble swimmer 1), tentacles
a: no special abilities


You were on level 1 of the Dungeon.
You visited 1 branch of the dungeon, and saw 1 of its levels.

Inventory:

Hand Weapons
 b - a +0 mace (weapon)
Armour
 a - a +0 plate armour


   Skills:
 + Level 2.0 Dodging
 + Level 2.7 Stealth
 + Level 2.0 Spellcasting
 + Level 1.0 Transmutations
 + Level 4.0 Poison Magic


You had 3 spell levels left.
You knew the following spells:

 Your Spells              Type           Power      Damage    Failure   Level
a - Sting                 Tmut/Pois      40%        1d5       7%          1

Your spell library contained the following spells:

 Spells                   Type           Power      Damage    Failure   Level
 Poisonous Vapours        Pois/Air       16%        N/A       13%         2
 Mephitic Cloud           Conj/Pois/Air  6%         N/A       32%         3
 Olgreb's Toxic Radiance  Pois           15%        N/A       36%         4


Dungeon Overview and Level Annotations

Branches:
Dungeon (1/15)

Altars:


Innate Abilities, Weirdness & Mutations

You cannot wear most types of armour.
You are amphibious.
You can wear up to eight rings at the same time.
Your skin changes colour to match your surroundings (Stealth+).
Your rubbery body absorbs attacks. (AC +1, EV +1)
((You are camouflaged when in or above water. (Stealth+)))
You have tentacles for arms and can constrict up to eight enemies at once.


Message History

The sting hits the jackal.
The jackal is poisoned.
The jackal is lightly wounded.
The jackal barks!
The jackal bites you.
A goblin comes into view. It is wielding a +0 club.
You hit the jackal. You grab the jackal. You squeeze the jackal.
You kill the jackal!
A hobgoblin comes into view.
Casting: Sting (safe; 7% risk of failure)
Confirm with . or Enter, or press ? or * to list all spells.
Aiming: Sting (safe; 7% risk of failure)
Press: ? - help, Shift-Dir - straight line, f - jackal
Aim: a jackal (64% to hit)
The sting hits the jackal but does no damage.
The jackal is poisoned.
The hobgoblin shouts!
The jackal barely misses you.
You hit the jackal but do no damage. You grab the jackal.
The jackal is moderately wounded.
You constrict the jackal. The jackal bites you. The jackal misses you.
You release your grip on the jackal.
You hit the hobgoblin. Your grab misses the hobgoblin.
The hobgoblin is almost dead.
The jackal barely misses you. The hobgoblin barely misses you.
You hit the hobgoblin.
You kill the hobgoblin!
You kill the jackal!
The goblin hits you with a +0 club. The jackal barely misses you.
The goblin hits you with a +0 club.
* * * LOW HITPOINT WARNING * * *
The jackal barely misses you.
Your Poison Magic skill increases to level 4!
The goblin barely misses you.
You see here a scroll labelled POLECSIUTH.
Unknown command.
The jackal barely misses you. The jackal closely misses you.
The jackal bites you but does no damage.
A bat comes into view.
The jackal barely misses you. The jackal bites you.
You die...

#...#..♣ ##.....♣
#..# .. ......♣
#..###.. .....♣♣
♣..#... .....♣
+....# ##...♣♣
♣....# #....♣♣
#....# #.#...♣♣
##....# #.###...♣♣
♣.@# .#
##...♣♣♣♣♣♣h#......#
#
#.##..?.ggg.#..###.#
#.# #..#######..#
#.# #......# ... ...
#.†###.# .... .##
#..# ...## .... b.^.
#....


You could see a jackal, a hobgoblin, a goblin and a bat (asleep).

Vanquished Creatures
  A bat (D:1)
  A hobgoblin (D:1)
  2 jackals (D:1)
  A kobold (D:1)
5 creatures vanquished.

Notes
Turn   | Place    | Note
-------+----------+-------------------------------------------
     0 | D:1      | cyrus the Octopode Venom Mage began the quest for the Orb.
     0 | D:1      | Reached XP level 1. HP: 11/11 MP: 3/3
   119 | D:1      | Reached skill level 4 in Poison Magic
   127 | D:1      | Slain by a jackal

Illustrated notes

Levels and vault maps discovered:
D:1:      mainiacjoe_arrival_reflecting_pool, layout_loops_cross,
          dilly_ecumenical_altar_fadedgnrine

Skill      XL: |  1 |
---------------+----+-----
Poison Magic   | 4 |  4.0
Dodging        | |  2.0
Stealth        | |  2.7
Spellcasting   | |  2.0
Transmutations | |  1.0

Action                   || total
-------------------------++-------
Melee: Mace              ||     4
       Constrict         ||     2
       Unarmed           ||     1
       Tentacles         ||     1
 Cast: Sting             ||     6
Armor: Skin              ||     1
Dodge: Dodged            ||    13

Table legend: (Time is in decaauts)
 A = Elapsed time spent in this place.
 B = Non-inter-level travel time spent in this place.
 C = Inter-level travel time spent in this place.
 D = Time resting spent in this place.
 E = Time spent auto-exploring this place.
 F = Levels seen in this place.
 G = Mean time per level.
                   A        B        C        D        E       F      G
               +--------+--------+--------+--------+--------+-----+--------+
         Total |    128 |    128 |      0 |      0 |     45 |   1 |  128.0 |
       Dungeon |    128 |    128 |      0 |      0 |     45 |   1 |  128.0 |
               +--------+--------+--------+--------+--------+-----+--------+

Top non-repeatable levels by time:
     D:1: 128 daAuts
